 Dungeon Crawl Stone Soup version 0.22-a0-439-gac93bac (webtiles) character file.

248 Gorglomux the Skirmisher (level 5, 0/48 HPs)
             Began as a Minotaur Abyssal Knight on May 29, 2018.
             Was a Believer of Lugonu.
             Killed from afar by Duvessa (8 damage)
             ... with a wand of flame (14)
             ... on level 4 of the Dungeon.
             The game lasted 00:03:20 (2408 turns).

Gorglomux the Skirmisher (Minotaur Abyssal Knight)  Turns: 2408, Time: 00:03:20

Health: 0/48       AC:  5    Str: 16    XL:     5   Next: 86%
Magic:  5/6        EV: 11    Int:  9    God:    Lugonu [**....]
Gold:   113        SH:  0    Dex: 11    Spells: 4/4 levels left

rFire    . . .     SeeInvis .   a - +1 hand axe
rCold    . . .     Gourm    .   (no shield)
rNeg     . . .     Faith    .   b - +0 leather armour
rPois    .         Spirit   .   (helmet restricted)
rElec    .         Reflect  .   j - scarf {repulsion}
rCorr    .         Harm     .   (no gloves)
MR       .....                  o - +1 pair of boots
Stlth    +.........             (no amulet)
HPRegen  0.16/turn              (no ring)
MPRegen  0.10/turn              (no ring)

@: repel missiles
A: retaliatory headbutt, horns 2
a: Depart the Abyss, Bend Space, Renounce Religion


You were on level 4 of the Dungeon.
You worshipped Lugonu.
Lugonu was pleased with you.
You were not hungry.

You visited 1 branch of the dungeon, and saw 4 of its levels.
You visited the Abyss 1 time.

You collected 113 gold pieces.

Inventory:

Hand Weapons
 a - a +1 hand axe (weapon)
Armour
 b - a +0 leather armour (worn)
 j - a scarf of repulsion (worn)
 o - a +1 pair of boots (worn)
Scrolls
 d - 3 scrolls of remove curse
 e - a scroll of immolation
 l - 2 scrolls of enchant armour
 n - a scroll of magic mapping {unknown}
 q - a scroll of fear {unknown}
 R - 2 scrolls of identify
Potions
 g - 3 potions of curing {unknown}
 i - 2 potions of might {unknown}
 m - a potion of brilliance {unknown}
 p - a potion of heal wounds {unknown}
 r - 2 potions of haste {unknown}
Comestibles
 c - 8 rations
 s - 5 chunks of flesh


   Skills:
 + Level 5.1 Fighting
 + Level 4.2 Axes
 + Level 4.2 Armour
 - Level 1.1 Dodging
 + Level 3.3 Invocations


You had 4 spell levels left.
You didn't know any spells.
Your spell library was empty.

Dungeon Overview and Level Annotations

Branches:
Dungeon (4/15)
 Temple: D:4-7

Altars:

Annotations:
D:4 Dowan, Duvessa, Pikel


Innate Abilities, Weirdness & Mutations

You reflexively headbutt those who attack you in melee.
You have a pair of horns on your head.


Message History

You feel as if something is helping you!
It was a scroll of remove curse!
The butt wizard hits you with a dagger! The orc wizard misses you!
As you read the scroll labeled VOULOO QEIMOAD, it butts to dust!
It is a scroll of identify!
e - a scroll of immolation;
R - 2 scrolls of identify The orc wizard miscasts a butt!
Duvessa barely misses you!
You fail to use your ability!
The butt wizard closely misses butt!
You furiously retaliate!!!
Butt headbutt the butt wizard!!!
Duvessa closely misses you! The slave hits you!
The orc wizard gestures at you while chanting!
The magic dart hits you!!! * * * don't die
* * * Space bends around you!!!
You blink!
Dowan, Brother of Duvessa comes into view!
He butts wielding a dagger of holy wrath!
Dowan shouts!!!
Unknown command!
Duvessa zaps a wand!
The puff of flame hits you!!! rip

#.# ##...## #.# #.#
##'########o# #..
..#........# #.#
#.#.#####..### #. ##.#.#
#)p..# #.# ####....###
#.##.# ##.###....e....#
#.##.#
##...##.##...e#.###.##.#
##.....#.###@#..o.o..##.#
#............###p.......#
##.....#####.# ##########
##...## #.# ######.## #.#
#.......# #.# #.#####.#
#(# #.# #.# #####.# #.#


You could see Duvessa and Dowan.

Vanquished Creatures
  An orc priest (D:3)
  A centaur skeleton (D:4)
  A bullfrog skeleton (D:4)
  Jessica (D:2)
  4 adders
  An ooze (D:1)
  3 worms
  2 dart slugs (D:3)
  3 leopard geckos
  3 orcs (D:3)
  2 ball pythons
  7 bats
  11 giant cockroaches
  6 goblins
  4 hobgoblins
  11 jackals
  2 quokkas
  3 frilled lizards
  A jackal skeleton (D:4)
  4 kobolds
  4 rats
75 creatures vanquished.

Vanquished Creatures (others)
  An orc wizard (D:4)
1 creature vanquished.

Grand Total: 76 creatures vanquished

Notes
Turn   | Place    | Note
-------+----------+-------------------------------------------
     0 | Abyss:1  | Gorglomux the Minotaur Abyssal Knight began the quest for the Orb.
     0 | Abyss:1  | Reached XP level 1. HP: 19/19 MP: 1/1
    54 | D:1      | Escaped the Abyss
   404 | D:1      | Reached XP level 2. HP: 27/27 MP: 2/2
   439 | D:1      | Reached * piety under Lugonu
   455 | D:1      | Reached skill level 4 in Fighting
   579 | D:1      | Reached skill level 3 in Axes
   774 | D:1      | Reached skill level 3 in Armour
   774 | D:1      | Reached XP level 3. HP: 33/33 MP: 3/3
  1470 | D:2      | Noticed Jessica
  1476 | D:2      | Killed Jessica
  1476 | D:2      | Reached XP level 4. HP: 28/41 MP: 4/4
  1512 | D:2      | Reached ** piety under Lugonu
  1611 | D:3      | Reached XP level 5. HP: 22/47 MP: 6/6
  1885 | D:3      | Reached skill level 3 in Invocations
  2161 | D:4      | Reached skill level 5 in Fighting
  2316 | D:4      | Noticed a slave
  2317 | D:4      | Noticed a slave
  2317 | D:4      | Noticed Pikel
  2400 | D:4      | Noticed Duvessa
  2407 | D:4      | Noticed Dowan
  2408 | D:4      | Killed from afar by Duvessa

Vault maps used:
D:1:      dpeg_arrival_rhombi
D:2:      first_ration, uniq_jessica
D:3:      minmay_roachtagon, minmay_liquid_box
D:4:      grunt_dithmenos_shadows, uniq_duvessa, uniq_robin, uniq_pikel

Skill      XL: |  1  2  3  4  5 |
---------------+----------------+-----
Invocations    | 2 3 |  3.3
Fighting       | 4 5 |  5.1
Axes           | 3 4 |  4.2
Armour         | 3 4 |  4.2
Dodging        | |  1.1

Action                   |  1- 3 |  4- 6 || total
-------------------------+-------+-------++-------
Melee: Hand axe          |    83 |    87 ||   170
       Headbutt          |     9 |    19 ||    28
Invok: Depart the Abyss  |     1 |       ||     1
       Bend Space        |       |     1 ||     1
  Use: Scroll            |       |     3 ||     3
 Stab: Sleeping          |       |     1 ||     1
  Eat: Chunk             |     2 |     3 ||     5
Armor: Leather armour    |    35 |    23 ||    58
Dodge: Dodged            |    79 |    63 ||   142
       Deflected         |       |     3 ||     3

Table legend:
 A = Spawn XP
 B = Non-spawn XP
 C = Spawn XP percentage of total XP
 D = Spawn monster count
 E = Non-spawn monster count
 F = Spawn count percentage of total count
 G = Total turns spent on level
                    A         B        C        D         E        F      G
               +---------+---------+-------+---------+---------+-------+---------
         Total |       0 |     355 |   0.0 |       0 |      75 |   0.0 |  2408
               +---------+---------+-------+---------+---------+-------+---------
           D:1 |       0 |      46 |   0.0 |       0 |      24 |   0.0 |   991
           D:2 |       0 |      78 |   0.0 |       0 |      16 |   0.0 |   509
           D:3 |       0 |     104 |   0.0 |       0 |      21 |   0.0 |   558
           D:4 |       0 |     127 |   0.0 |       0 |      14 |   0.0 |   296
               +---------+---------+-------+---------+---------+-------+---------
